 Dungeon Crawl Stone Soup version 0.28.0-53-g5a82cb258f (webtiles) character file.

Game seed: 6599143490202438808

15458 Megalobster the Severer (level 12, -4/105 HPs)
             Began as a Minotaur Berserker on July 19, 2022.
             Was a High Priest of Trog.
             Slain by a warg (8 damage)
             ... on level 2 of the Orcish Mines.
             The game lasted 00:26:20 (13114 turns).

Megalobster the Severer (Minotaur Berserker)       Turns: 13114, Time: 00:26:21

Health: -4/105     AC: 21    Str: 33    XL:     12   Next: 1%
Magic:  2/2        EV:  9    Int:  7    God:    Trog [*****.]
Gold:   1046       SH:  0    Dex: 12    Spells: 11/11 levels left

rFire   + . .      SeeInvis .   b - +4 battleaxe (venom)
rCold   x . .      Faith    +   (shield currently unavailable)
rNeg    . . .      Spirit   .   F - +0 plate armour
rPois   .          Reflect  .   (helmet restricted)
rElec   .          Harm     .   A - +0 cloak
rCorr   .          Rampage  .   y - +2 pair of gloves of Antique Lucidity {Will++ MP-9}
Will    ++++.                   h - +0 pair of boots
Stlth   ..........              q - amulet of faith
HPRegen 1.27/turn               s - +6 ring of strength
MPRegen 0.08/turn               B - ring "Ewkaps" {Fire Int+3 Dex+2 Slay+2 Stlth+}

@: strong-willed, regenerating
A: horns 2, retaliatory headbutt
a: Renounce Religion, Berserk, Trog's Hand, Brothers in Arms


You were on level 2 of the Orcish Mines.
You worshipped Trog.
Trog was extremely pleased with you.
You visited 2 branches of the dungeon, and saw 12 of its levels.

You collected 1191 gold pieces.
You spent 145 gold pieces at shops.

Inventory:

Hand Weapons
 a - a +2 battleaxe of flaming
 b - a +4 battleaxe of venom (weapon)
 L - a +2 vorpal great sword
Missiles
 d - 8 silver boomerangs (quivered)
Armour
 h - a +0 pair of boots (worn)
 k - a +1 ring mail of cold resistance
 y - the +2 pair of gloves of Antique Lucidity (worn) {Will++ MP-9}
   (You bought it in a shop on level 4 of the Dungeon)

   MP:        It affects your magic capacity (-9).
   Will:      It greatly increases your willpower.
 A - a +0 cloak (worn)
 F - a +0 plate armour (worn)
 K - a +2 ring mail of cold resistance
Jewellery
 e - a ring of ice
 q - an amulet of faith (around neck)
 s - a +6 ring of strength (left hand)
 B - the ring "Ewkaps" (right hand) {Fire Int+3 Dex+2 Slay+2 Stlth+}
   (You found it on level 8 of the Dungeon)

   [ring of fire]

   It enhances your fire magic.
   Int:       It affects your intelligence (+3).
   Dex:       It affects your dexterity (+2).
   Slay:      It affects your accuracy & damage with ranged weapons and melee
   (+2).
   rF:        It protects you from fire.
   rC:        It makes you vulnerable to cold.
   Stlth:     It makes you more stealthy.
Wands
 m - a wand of iceblast (6)
 D - a wand of mindburst (15)
Scrolls
 c - 6 scrolls of teleportation
 f - a scroll of enchant armour
 i - a scroll of noise {unknown}
 l - a scroll of brand weapon
 n - 2 scrolls of holy word
 p - 2 scrolls of vulnerability
 t - 2 scrolls of immolation
 u - 3 scrolls of enchant weapon
 w - a scroll of magic mapping {unknown}
 z - a scroll of fog {unknown}
 G - 3 scrolls of blinking {unknown}
Potions
 j - a potion of attraction {unknown}
 o - a potion of heal wounds
 r - a potion of cancellation
 v - 2 potions of berserk rage
 x - 4 potions of curing {@q1}
 C - a potion of magic
 H - a potion of lignification {unknown}
 I - a potion of flight {unknown}
 J - a potion of mutation {unknown}
Miscellaneous
 g - a box of beasts
 E - a phantom mirror


   Skills:
 + Level 9.6 Fighting
 * Level 19.0 Axes
 - Level 10.5 Armour
 - Level 2.1 Dodging


You had 11 spell levels left.
You didn't know any spells.
Your spell library was empty.

Dungeon Overview and Level Annotations

Branches:
Dungeon (10/15)            Temple (0/1) D:6            Lair (0/6) D:10
    Orc (2/2) D:10
    Elf: Orc:2

Altars:
Gozag
Xom

Shops:
D:4 [

Annotations:
Orc:2 1 runed translucent door, zurenarrh's ghost, journeyman GrGl


Innate Abilities, Weirdness & Mutations

You have a pair of horns on your head.
You reflexively headbutt those who attack you in melee.


Message History

The warg howls! x2; You hear a shout!
The orc warrior barely misses you.
Things that are here:
a +0 whip; a +0 leather armour; a warg corpse You slice the orc warrior!!
You kill the orc warrior!
Trog accepts your kill.
You slash the warg!
The warg is poisoned.
The warg bites you.
An orc comes into view. It is wielding a +0 whip.
An orc knight comes into view. It is wielding a +0 great mace.
The warg bites you but does no damage.
The orc knight roars a battlecry!
The orcs go into a battle-frenzy!
The warg bites you but does no damage.
The orc warrior hits you with a +0 glaive!!
Items here: ( ))) [[[.
You slash the orc warrior!
The orc warrior is poisoned.
The orc warrior is heavily wounded.
You barely miss the warg. You hit the warg. The warg barely misses you.
The warg bites you!
An orc warrior comes into view.
It is wielding a +0 long sword and wearing a +1 chain mail of positive energy.
Your skin crawls.
You feel strong-willed.
The orc warrior hits you with a +0 glaive!
* * * LOW HITPOINT WARNING * * *
The warg bites you but does no damage. x2
An orc comes into view. It is wielding a +0 trident.
The warg bites you but does no damage. The orc warrior closely misses you.
The warg bites you!
* * * LOW HITPOINT WARNING * * *
Things that are here:
a +0 whip; a +0 leather armour; a warg corpse The orc knight roars a battlecry!
The warg bites you but does no damage.
You hear a shout!
There is a stone staircase leading up, spattered with blood here.
The orc warrior hits you from afar with a +0 glaive!
* * * LOW HITPOINT WARNING * * *
The warg bites you!
You die...

#................##..
##.................#..
#....o...o..##.#..##..
##................#...
###........##...#....
#.o........#..##..#
##o................
##.hh.......##.....#
#.)@.......#####.##.
##.#........# #####
##.....#..## #
#....##### ##..## ####


You could see an orc knight, 2 wargs, 2 orc warriors and an orc (strong).

Vanquished Creatures
  An ettin (Orc:2)
  Snorg (Orc:2)
  The ghost of shugdite the Carver, a novice MiFi of Okawaru (D:8)
  A two-headed ogre (Orc:2)
  A death yak (D:10)
  An orc sorcerer (Orc:1)
  A moth of wrath (D:8)
  A gargoyle (D:10)
  A komodo dragon (D:8)
  3 trolls
  9 yaks
  A shadow (D:9)
  A wyvern (D:10)
  2 basilisks (D:10)
  2 steam dragons
  6 wargs
  Duvessa (D:6)
  An acid dragon (D:9)
  A water moccasin (D:5)
  19 orc warriors
  3 black bears
  A hornet zombie (D:7)
  3 ice beasts (D:8)
  9 ogres
  2 centaurs
  5 kobold brigands
  A wyvern zombie (D:8)
  2 bullfrogs (D:8)
  6 gnoll sergeants (D:10)
  A scorpion (D:4)
  A wyvern skeleton (D:7)
  Dowan (D:6)
  15 killer bees
  8 wights
  3 howler monkeys (D:7)
  2 bullfrog zombies
  3 centaur zombies
  2 hounds (D:4)
  14 orc priests
  A bullfrog skeleton (D:7)
  20 orc wizards
  4 iguanas
  7 gnolls
  5 adders
  A howler monkey skeleton (D:4)
  2 white imps (D:8)
  2 ufetubi
  An adder zombie (D:5)
  8 worms
  4 dart slugs
  63 orcs
  8 endoplasms
  A giant cockroach (D:3)
  5 goblins
  6 hobgoblins
  9 jackals
  6 quokkas
  4 ball pythons
  6 bats
  5 frilled lizards
  18 kobolds
  3 rats
326 creatures vanquished.

Vanquished Creatures (others)
  3 withered plants (D:1)
3 creatures vanquished.

Grand Total: 329 creatures vanquished

Notes
Turn   | Place    | Note
-------+----------+-------------------------------------------
     0 | D:1      | Megalobster the Minotaur Berserker began the quest for the
                  | Orb.
     0 | D:1      | Reached XP level 1. HP: 19/19 MP: 0/0
   169 | D:1      | Reached skill level 4 in Axes
   385 | D:1      | Reached XP level 2. HP: 26/26 MP: 1/1
   740 | D:1      | Found a faded altar of an unknown god.
   838 | D:1      | Reached skill level 5 in Axes
   929 | D:1      | Reached XP level 3. HP: 26/31 MP: 2/2
  1640 | D:2      | Reached ** piety under Trog
  1706 | D:2      | Found a shimmering altar of Xom.
  2601 | D:3      | Reached XP level 4. HP: 38/39 MP: 3/3
  2760 | D:3      | Reached skill level 6 in Axes
  3353 | D:3      | Reached XP level 5. HP: 45/45 MP: 4/4
  3588 | D:4      | Reached skill level 7 in Axes
  3779 | D:4      | Reached *** piety under Trog
  3902 | D:4      | Noticed a black bear
  3914 | D:4      | Killed a black bear
  3915 | D:4      | Reached XP level 6. HP: 42/51 MP: 5/5
  4181 | D:4      | Reached skill level 8 in Axes
  4305 | D:4      | Reached skill level 5 in Armour
  4305 | D:4      | Reached XP level 7. HP: 53/57 MP: 6/6
  4446 | D:4      | Found Enaso's Armour Shop.
  4461 | D:4      | Bought the +2 pair of gloves of Antique Lucidity {Will++
                  | MP-9} for 145 gold pieces
  4669 | D:5      | Entered Level 5 of the Dungeon
  4702 | D:5      | Reached skill level 9 in Axes
  4964 | D:5      | Reached skill level 10 in Axes
  4977 | D:5      | Reached XP level 8. HP: 64/64 MP: 0/7
  5493 | D:5      | Reached skill level 11 in Axes
  6038 | D:6      | Reached **** piety under Trog
  6149 | D:6      | Noticed Duvessa
  6149 | D:6      | Noticed Dowan
  6157 | D:6      | Killed Duvessa
  6161 | D:6      | Killed Dowan
  6237 | D:6      | Found a staircase to the Ecumenical Temple.
  6330 | D:6      | Reached skill level 12 in Axes
  7052 | D:7      | Reached XP level 9. HP: 68/70 MP: 0/8
  7831 | D:7      | Reached skill level 13 in Axes
  8129 | D:8      | Reached ***** piety under Trog
  8258 | D:8      | Found a transporter.
  8265 | D:8      | Noticed a komodo dragon
  8265 | D:8      | Noticed a moth of wrath
  8265 | D:8      | Noticed shugdite's ghost (novice MiFi)
  8293 | D:8      | Found a transporter.
  8314 | D:8      | Killed shugdite's ghost
  8315 | D:8      | Reached skill level 14 in Axes
  8315 | D:8      | Reached skill level 10 in Armour
  8316 | D:8      | Reached XP level 10. HP: 77/77 MP: 0/9
  8320 | D:8      | Killed a moth of wrath
  8338 | D:8      | Identified the ring "Ewkaps" {Fire Int+3 Dex+2 Slay+2
                  | Stlth+}
  8372 | D:8      | Reached skill level 15 in Axes
  8380 | D:8      | Received a gift from Trog
  9624 | D:9      | Reached skill level 5 in Fighting
  9954 | D:10     | Entered Level 10 of the Dungeon
 10098 | D:10     | Reached skill level 16 in Axes
 10616 | D:10     | Found a staircase to the Orcish Mines.
 10627 | D:10     | Reached XP level 11. HP: 78/91 MP: 1/10
 10906 | D:10     | Noticed a death yak
 10913 | D:10     | Reached skill level 17 in Axes
 10917 | D:10     | Killed a death yak
 10920 | D:10     | Received a gift from Trog
 11096 | D:10     | Found a staircase to the Lair.
 11115 | D:10     | Found an opulent altar of Gozag.
 11419 | Orc:1    | Entered Level 1 of the Orcish Mines
 11529 | Orc:1    | Noticed an orc sorcerer
 11537 | Orc:1    | Killed an orc sorcerer
 11619 | Orc:1    | Reached skill level 18 in Axes
 11958 | Orc:2    | Entered Level 2 of the Orcish Mines
 11958 | Orc:2    | Noticed a two-headed ogre
 11963 | Orc:2    | Killed a two-headed ogre
 11963 | Orc:2    | Received a gift from Trog
 12100 | Orc:2    | Found a runed translucent door.
 12100 | Orc:2    | Noticed zurenarrh's ghost (journeyman GrGl)
 12200 | Orc:2    | Noticed Snorg
 12201 | Orc:2    | Noticed an ettin
 12209 | Orc:2    | Killed an ettin
 12214 | Orc:2    | Killed Snorg
 13094 | Orc:2    | Reached skill level 19 in Axes
 13094 | Orc:2    | Reached XP level 12. HP: 73/105 MP: 2/11
 13114 | Orc:2    | HP: 4/105 [orc warrior/+0 glaive (17)]
 13114 | Orc:2    | Slain by a warg

Illustrated notes

Levels and vault maps discovered:
D:1:      heliophobic_arrival_dark_side_of_the_moon, layout_basic,
          ebering_ecumenical_altar_petrified, minmay_tromino_v4_c
D:2:      layout_loops_ring, serial_co_window_serial,
          co_window_of_opportunity_a, co_window_paths_a, co_window_corner_a,
          co_window_of_opportunity_a, co_window_paths_a, co_window_broadway_a,
          co_window_paths_c, co_window_2corner, co_window_broadway_a,
          co_window_broadway_c, co_window_of_opportunity_b, co_window_paths_d,
          glass_columns_c, glass_columns_c, glass_columns_a, glass_columns_a,
          glass_columns_c, basic_altar
D:3:      layout_rooms, serial_bayou_pond_c, nicolae_wormholes
D:4:      layout_basic, serial_shops, nicolae_shop_statue_plus,
          minmay_misc_feat_encased, corexii_checkpoint_b
D:5:      layout_gridville, nicolae_zen_rock_garden, minmay_parallelograms
D:6:      layout_basic, minmay_temple_entry_antechambers,
          corexii_item_surrounded_by_moat, uniq_duvessa
D:7:      layout_rooms
D:8:      layout_gridville, gammafunk_ghost_berserking_beasts
D:9:      layout_long_grid, nrook_mini_vaults
D:10:     layout_long_grid, mainiacjoe_overflow_six_doors_small,
          david_lair_generic, kennysheep_orc_monster_closet_entryway
Orc:1:    layout_diamond_mine
Orc:2:    st_orc_town, layout_caves, hellmonk_ghost_happy_afterlife,
          mines2_lemuel, uniq_josephine, uniq_snorg

Skill      XL: |  1  2  3  4  5  6  7  8  9 10 11 |
---------------+----------------------------------+-----
Axes           | 4 5 6 7 8 10 12 14 16 19 | 19.0
Armour         | 3 4 5 6 8 10 | 10.5
Fighting       | 6 9 |  9.6
Dodging        | |  2.1

Action                   |  1- 3 |  4- 6 |  7- 9 | 10-12 || total
-------------------------+-------+-------+-------+-------++-------
Melee: Hand axe          |   108 |   126 |    77 |    18 ||   329
       Headbutt          |    15 |    19 |    46 |    49 ||   129
       War axe           |       |       |   133 |       ||   133
       Battleaxe         |       |       |       |   223 ||   223
Invok: Berserk           |     2 |     1 |     4 |     3 ||    10
       Trog's Hand       |       |       |     1 |     3 ||     4
  Use: Scroll            |       |     1 |     5 |     8 ||    14
       Potion            |       |       |     2 |     1 ||     3
Armor: Animal skin       |    30 |       |       |       ||    30
       Chain mail        |     8 |    70 |    24 |       ||   102
       Ring mail         |     4 |       |       |       ||     4
       Plate armour      |       |       |    94 |   132 ||   226
Dodge: Dodged            |    64 |    33 |    79 |   101 ||   277
